 Dungeon Crawl Stone Soup version 0.21.1-1-g345015f (webtiles) character file.

43 Monsterracer the Skirmisher (level 3, -2/31 HPs)
             Began as a Hill Orc Arcane Marksman on May 29, 2018.
             Slain by a centaur zombie (6 damage)
             ... in an ossuary.
             The game lasted 00:03:17 (2532 turns).

Monsterracer the Skirmisher (HOAM)                  Turns: 2532, Time: 00:03:18

Health: -2/31      AC:  5    Str: 13    XL:     3   Next: 58%
Magic:  4/4        EV:  7    Int: 13    God:
Gold:   128        SH:  0    Dex: 11    Spells: 4/4 levels left

rFire    . . .     SeeInvis .   m - +0 hand axe
rCold    . . .     Gourm    .   (no shield)
rNeg     . . .     Faith    .   a - +0 robe
rPois    .         Spirit   .   r - +0 helmet
rElec    .         Reflect  .   n - +1 cloak {+Inv}
rCorr    .         Harm     .   (no gloves)
MR       .....                  (no boots)
Stlth    ++........             (no amulet)
HPRegen  0.10/turn              b - ring of stealth
MPRegen  0.09/turn              u - -5 ring of evasion (curse)

@: no status effects
A: no striking features
a: Evoke Invisibility


You were in an ossuary.
You were very hungry.

You visited 1 branch of the dungeon, and saw 4 of its levels.
You also visited: Ossuary.

You collected 128 gold pieces.

Inventory:

Hand Weapons
 k - a +2 dagger of speed
 m - a +0 hand axe (weapon)
Missiles
 d - 2 throwing nets (quivered)
 f - 5 javelins
Armour
 a - a +0 robe (worn)
 n - a +1 cloak of invisibility (worn)
 r - a +0 helmet (worn)
Jewellery
 b - a ring of stealth (left hand)
 u - a cursed -5 ring of evasion (right hand)
Scrolls
 e - 3 scrolls of blinking
Potions
 g - a potion of haste {unknown}
 h - 2 potions of curing
 o - 2 potions of heal wounds {unknown}
 q - a potion of berserk rage {unknown}
 s - a potion of degeneration {unknown}
 t - a potion of mutation {unknown}
Comestibles
 c - 5 rations


   Skills:
 + Level 3.3 Fighting
 * Level 2.2 Axes
 - Level 1.7 Throwing
 - Level 0.2 Armour
 - Level 1.5 Dodging
 - Level 1.0 Spellcasting
   Level 3.0 Hexes


You had 4 spell levels left.
You didn't know any spells.

Dungeon Overview and Level Annotations

Branches:
Dungeon (4/15)
 Temple: D:4-7

Altars:


Message History

You hit the scorpion zombie.
The scorpion zombie is severely damaged.
The scorpion zombie barely misses you.
You hit the scorpion zombie.
The scorpion zombie is severely damaged.
The scorpion zombie hits you.
* * * LOW HITPOINT WARNING * * *
You hit the scorpion zombie.
The scorpion zombie is severely damaged.
The scorpion zombie hits you.
* * * LOW HITPOINT WARNING * * *
You take 1 damage, and have 12/31 hp.
You hit the scorpion zombie but do no damage.
The scorpion zombie is severely damaged.
The scorpion zombie hits you.
* * * LOW HITPOINT WARNING * * *
You take 5 damage, and have 7/31 hp.
You barely miss the scorpion zombie.
The scorpion zombie is severely damaged.
The scorpion zombie barely misses you.
You hit the scorpion zombie.
The scorpion zombie is almost destroyed.
The scorpion zombie hits you but does no damage.
Press: ? - help, v - describe, . - travel
Here: a scorpion zombie (almost destroyed)
The floor.
You hit the scorpion zombie.
The scorpion zombie is almost destroyed.
The scorpion zombie hits you.
* * * LOW HITPOINT WARNING * * *
You take 2 damage, and have 5/31 hp.
The scorpion zombie hits you.
* * * LOW HITPOINT WARNING * * *
You take 4 damage, and have 2/31 hp.
Okay, then.
Fire/throw which item? (* to show all) (? for menu, Esc to quit)
Press: ? - help, Shift-Dir - straight line, f - scorpion zombie
Aim: a scorpion zombie (almost destroyed)
You throw a javelin. The javelin hits the scorpion zombie!
You destroy the scorpion zombie!
Your Axes skill increases to level 2!
f - 5 javelins (gained 1)
You start resting.
You are feeling hungry.
You regained 10 hp, and now have 13/31 hp.
You start resting.
HP restored.
Health restored: 31 You open the door.
You are feeling very hungry.
A mummy comes into view.
Found six items.
There is an open door here.
A mummy is nearby!
Unknown command.
A spear shoots out and hits you!
There is a spear trap here.
You open the door.
A centaur zombie comes into view.
You hit the centaur zombie.
The centaur zombie is lightly damaged.
The centaur zombie hits you but does no damage.
The centaur zombie barely misses you.
You hit the centaur zombie.
The centaur zombie is moderately damaged.
The centaur zombie barely misses you.
You hit the centaur zombie.
The centaur zombie is moderately damaged.
The centaur zombie barely misses you. x2
You hit the centaur zombie but do no damage.
The centaur zombie is moderately damaged.
The centaur zombie hits you.
You take 6 damage, and have 25/31 hp.
You hit the centaur zombie but do no damage.
The centaur zombie is moderately damaged.
The centaur zombie barely misses you.
The centaur zombie hits you but does no damage.
You hit the centaur zombie.
The centaur zombie is moderately damaged.
The centaur zombie hits you. x2
You take 9 damage, and have 16/31 hp.
MASSIVE DAMAGE!!
You hit the centaur zombie.
The centaur zombie is heavily damaged.
The centaur zombie closely misses you.
You hit the centaur zombie.
The centaur zombie is heavily damaged.
The centaur zombie barely misses you.
You hit the centaur zombie but do no damage.
The centaur zombie is heavily damaged.
The centaur zombie hits you.
* * * LOW HITPOINT WARNING * * *
The centaur zombie hits you.
* * * LOW HITPOINT WARNING * * *
You take 8 damage, and have 8/31 hp.
MASSIVE DAMAGE!!
You hit the centaur zombie.
The centaur zombie is heavily damaged.
The centaur zombie hits you.
* * * LOW HITPOINT WARNING * * *
The centaur zombie hits you.
You die...

#...# ##+## ##
#.. .8.. .....
##########8...8
#?!?#...#......
+?.!#...Z...8..
#?!M#..@#
##+#######'##
#.....#.....#
#.....#.....#
#.....8.....#
#...........#
#...........#
###8.....8###
#...........#


You could see a mummy and a centaur zombie.

Vanquished Creatures
  A scorpion zombie (Ossuary)
  2 giant cockroaches
  7 goblins
  8 hobgoblins
  A ball python (D:2)
  3 bats
  2 frilled lizards
  A goblin zombie (D:4)
  4 kobolds
  A rat (D:1)
  A rat zombie (D:4)
31 creatures vanquished.

Notes
Turn   | Place    | Note
-------+----------+-------------------------------------------
     0 | D:1      | Monsterracer the Hill Orc Arcane Marksman began the quest for the Orb.
     0 | D:1      | Reached XP level 1. HP: 16/16 MP: 2/2
   471 | D:1      | Reached XP level 2. HP: 25/25 MP: 3/3
   727 | D:1      | HP: 11/25 [hobgoblin/stone (2)]
  1546 | D:2      | Reached XP level 3. HP: 27/31 MP: 4/4
  1810 | D:2      | Reached skill level 1 in Axes
  2140 | D:3      | Noticed an ogre
  2172 | D:4      | Found a sand-covered staircase.
  2193 | Ossuary  | Entered an ossuary
  2215 | Ossuary  | HP: 13/31 [scorpion zombie (4)]
  2222 | Ossuary  | HP: 5/31 [scorpion zombie (2)]
  2234 | Ossuary  | HP: 2/31 [scorpion zombie (4)]
  2531 | Ossuary  | HP: 10/31 [centaur zombie (6)]
  2532 | Ossuary  | HP: 4/31 [centaur zombie (4)]
  2532 | Ossuary  | Slain by a centaur zombie

Skill      XL: |  1  2  3 |
---------------+----------+-----
Fighting       | 2 3 |  3.3
Axes           | 2 |  2.2
Throwing       | |  1.7
Armour         | |  0.2
Dodging        | |  1.5
Spellcasting   | |  1.0
Hexes          | |  3.0

Action                   || total
-------------------------++-------
Melee: Spear             ||    61
       Dagger            ||    51
       Hand axe          ||    23
Throw: Javelin           ||     1
 Cast: Corona            ||     1
  Use: Scroll            ||     4
 Stab: Sleeping          ||     7
  Eat: Chunk             ||     4
Armor: Robe              ||    21
Dodge: Dodged            ||    80

Vault maps used:
D:1:      dpeg_arrival_morbid_curiosity
D:2:      first_ration, grunt_ministairs_2, nrook_uturn, kennysheep_nondescript
D:3:      uniq_jessica
D:4:      temple_fountains, enter_ossuary_4
Ossuary:  ossuary_minmay_scorpions
